AoeStats
← MisoConnoisseur

Arena

510099700Analyzed
1v1 RM · 3d ago on Sep 29, 2026· 24m 1s· 2 players
Game mode
Random Map
Map size
Tiny (2 player)
Population
200
Speed
Normal
Resources
Standard
Victory
Conquest
Starting age
Dark Age
Ending age
Imperial Age
RankedLock teamsTeams togetherTeam positionsShared explorationLock speedFull tech treeHidden civsTurbo modeCheats
Victory
Defeat
🇨🇳 Turks · China
1070
+17
🇦🇺 Saxons · Australia
1086
-17
钩子王
11:54 Feudal Age
13:37 Double-Bit Axe
13:45 Gold Mining
16:05 Castle Age
14:51 Loom
22:27 Imperial Age
MisoConnoisseur
6:57 Loom
11:08 Feudal Age
12:02 Double-Bit Axe
12:38 Horse Collar
15:27 Castle Age
16:04 Wheelbarrow
16:18 Bow Saw
18:07 Hand Cart
18:22 Husbandry
19:25 Light Cavalry
22:58 Scale Barding Armor
24:21 Forging
Connection lost

Rejoining the realm…

Still unreachable

The connection could not be restored.

Session expired

The server has moved on; the page needs a fresh start.